 Dungeon Crawl Stone Soup version 0.29.1-12-g30fa7ad0bf (webtiles) character file.

Game seed: 15940896823706423924

60 bnorton916 the Magician (level 3, 0/19 HPs)
             Began as a Deep Elf Fire Elementalist on Dec 23, 2022.
             Succumbed to a scorpion's poison
             ... on level 3 of the Dungeon.
             The game lasted 00:01:49 (2263 turns).

bnorton916 the Magician (DEFE)                      Turns: 2263, Time: 00:01:49

Health: 0/19       AC:  2    Str:  5    XL:     3   Next: 82%
Magic:  7/10       EV: 12    Int: 21    God:
Gold:   155        SH:  0    Dex: 15    Spells: 4/10 levels left

rFire   . . .      SeeInvis .   n - staff of conjuration
rCold   . . .      Faith    .   (no shield)
rNeg    . . .      Spirit   .   a - +0 robe
rPois   .          Reflect  .   (no helmet)
rElec   .          Harm     .   (no cloak)
rCorr   .          Rampage  .   (no gloves)
Will    .....                   (no boots)
Stlth   ++........              (no amulet)
HPRegen 0.06/turn               (no ring)
MPRegen 0.12/turn               (no ring)

@: lethally poisoned (0 -> -8)
A: no striking features
a: no special abilities


You were on level 3 of the Dungeon.
You visited 1 branch of the dungeon, and saw 3 of its levels.

You collected 155 gold pieces.

Inventory:

Missiles
 h - 2 poisoned darts
Armour
 a - a +0 robe (worn)
Magical Staves
 n - a staff of conjuration (weapon)
Jewellery
 c - a ring of willpower
 u - a +6 ring of dexterity
Scrolls
 i - a scroll of noise {unknown}
 j - 3 scrolls of teleportation {unknown}
 k - a scroll of fear {unknown}
 l - a scroll of immolation {unknown}
 m - a scroll of poison {unknown}
 o - a scroll of enchant armour {unknown}
 r - a scroll of blinking {unknown}
 s - a scroll of amnesia {unknown}
Potions
 b - 2 potions of magic
 d - 2 potions of curing {unknown}
 e - 2 potions of flight {unknown}
 f - a potion of ambrosia {unknown}
 g - 2 potions of brilliance {unknown}
 p - 3 potions of degeneration {unknown}
 q - a potion of cancellation {unknown}
 t - a potion of haste {unknown}
 v - a potion of resistance {unknown}


   Skills:
 - Level 2.4 Dodging
 - Level 2.4 Stealth
 + Level 4.1 Spellcasting
 + Level 2.4 Conjurations
 + Level 4.1 Fire Magic


You had 4 spell levels left.
You knew the following spells:

 Your Spells              Type           Power      Damage    Failure   Level
a - Foxfire               Conj/Fire      100%       2x1d9     3%          1
b - Scorch                Fire           42%        2d7       3%          2
c - Conjure Flame         Conj/Fire      27%        6-21      10%         3

Your spell library contained the following spells:

 Spells                   Type           Power      Damage    Failure   Level
 Inner Flame              Hex/Fire       12%        N/A       16%         3
 Flame Wave               Conj/Fire      27%        2d9       30%         4


Dungeon Overview and Level Annotations

Branches:
Dungeon (3/15)

Altars:


Message History

There is a stone staircase leading up here.
You now have 141 gold pieces (gained 11).
v - a bubbling emerald potion You now have 155 gold pieces (gained 14).
A quokka comes into view.
Casting: Foxfire (safe; 3% risk of failure)
Confirm with . or Enter, or press ? or * to list all spells.
You feel a surge of power!
You conjure some foxfire!
The foxfire hits the quokka.
You kill the quokka!
Casting: Foxfire (safe; 3% risk of failure)
Confirm with . or Enter, or press ? or * to list all spells.
You feel a surge of power!
You miscast Foxfire.
You are very lightly contaminated with residual magic.
Nothing appears to happen.
Your magical contamination has completely faded away.
Magic restored.
A scorpion comes into view.
A scorpion is nearby!
A scorpion is nearby!
A scorpion is nearby!
Casting: Foxfire (safe; 3% risk of failure)
Confirm with . or Enter, or press ? or * to list all spells.
Flames lash the scorpion.
The scorpion is moderately wounded.
The scorpion's fire resistance burns away.
The scorpion attacks as you move away! The scorpion closely misses you.
The scorpion attacks as you move away! The scorpion stings you.
You are poisoned.
The scorpion poisons you!
You feel very sick. The scorpion misses you.
The scorpion attacks as you move away! The scorpion stings you!
* * * LOW HITPOINT WARNING * * *
x2 You feel very sick.
The scorpion is no longer more vulnerable to fire.
Casting: Scorch (safe; 3% risk of failure)
Confirm with . or Enter, or press ? or * to list all spells.
You feel a surge of power!
You conjure some foxfire!
You die...

#######
......########..
#####.##.......#
#.##.######
#####.##......#
............#.#####
......#######..v@v#
####..# #####s#
#.....###########.#
#.#....<..#.......# #
#.......#..............
#.......#.......#....##
#.......#.......##...#
#.......#.......# ...#
..........######### ..#


You could see a scorpion (ally target).

Vanquished Creatures
  2 adders (D:2)
  2 worms (D:2)
  2 dart slugs (D:1)
  3 ball pythons (D:1)
  4 bats
  2 endoplasms
  A giant cockroach (D:2)
  2 goblins
  2 hobgoblins (D:1)
  2 quokkas
  3 frilled lizards (D:1)
  2 kobolds
  7 rats
34 creatures vanquished.

Vanquished Creatures (others)
  153 foxfires
153 creatures vanquished.

Grand Total: 187 creatures vanquished

Notes
Turn   | Place    | Note
-------+----------+-------------------------------------------
     0 | D:1      | bnorton916 the Deep Elf Fire Elementalist began the quest
                  | for the Orb.
     0 | D:1      | Reached XP level 1. HP: 10/10 MP: 6/6
   385 | D:1      | Reached XP level 2. HP: 15/15 MP: 6/8
   586 | D:1      | Found a faded altar of an unknown god.
  1474 | D:2      | Reached XP level 3. HP: 19/19 MP: 6/10
  1900 | D:2      | Learned a level 2 spell: Scorch
  1904 | D:2      | Learned a level 3 spell: Conjure Flame
  2257 | D:3      | Noticed a scorpion
  2263 | D:3      | Succumbed to a scorpion's poison

Illustrated notes

Levels and vault maps discovered:
D:1:      minmay_arrival_cross, layout_loops_corners,
          hellmonk_ecumenical_altar_zigzags, minmay_tromino_i4
D:2:      layout_basic
D:3:      layout_basic, jmf_multi_god_temple2

Skill      XL: |  1  2  3 |
---------------+----------+-----
Conjurations   | 2 |  2.4
Spellcasting   | 4 |  4.1
Fire Magic     | 4 |  4.1
Dodging        | |  2.4
Stealth        | |  2.4

Action                   || total
-------------------------++-------
 Cast: Foxfire           ||    87
       Scorch            ||     1
Armor: Robe              ||     2
Dodge: Dodged            ||    11
